 Dungeon Crawl Stone Soup version 0.32-a0-673-g3729bd50f8 (webtiles) character file.

Game seed: 3727010506149800245

578 BeKind the Apothecary (level 7, -3/51 HPs)
             Began as a Gnoll Alchemist on Mar 11, 2024.
             Was an Initiate of Hepliaklqana.
             Slain by an iguana (8 damage)
             ... on level 5 of the Dungeon.
             The game lasted 00:06:13 (4163 turns).

BeKind the Apothecary (Gnoll Alchemist)             Turns: 4163, Time: 00:06:14

Health: -3/51      AC:  6    Str:  7    XL:     7   Next: 35%
Magic:  8/15       EV: 11    Int: 16    God:    Hepliaklqana [......]
Gold:   224        SH:  5    Dex: 13    Spells: 14/17 levels left

rFire   . . .        c - +2 rapier (elec)
rCold   + . .        (no shield)
rNeg    . . .        s - +0 ring mail {rC+}
rPois   .            (no helmet)
rElec   .            y - +0 cloak
rCorr   .            (no gloves)
SInv    +            (no boots)
Will    .....        g - amulet of reflection
Stlth   ++           l - ring of see invisible
HPRegen 0.28/turn    w - ring of flight
MPRegen 0.14/turn

%: reflection
@: flying, very slightly contaminated
A: fangs 1, strong nose, distributed training
a: Renounce Religion


You were on level 5 of the Dungeon.
You worshipped Hepliaklqana.
Hepliaklqana was noncommittal.
You visited 1 branch of the dungeon, and saw 5 of its levels.

You collected 224 gold pieces.

Inventory:

Hand Weapons
 c - a +2 rapier of electrocution (weapon)
Armour
 a - a +0 robe
 s - a +0 ring mail of cold resistance (worn)
 v - a +0 kite shield
 y - a +0 cloak (worn)
Jewellery
 g - an amulet of reflection (around neck)
 k - an amulet of regeneration
 l - a ring of see invisible (left hand)
 w - a ring of flight (right hand)
Scrolls
 f - a scroll of amnesia {unknown}
 h - a scroll of enchant weapon {unknown}
 i - 2 scrolls of poison {unknown}
 j - 6 scrolls of identify {unknown}
 n - 2 scrolls of fear {unknown}
 o - 2 scrolls of teleportation {unknown}
 t - a scroll of enchant armour {unknown}
 u - a scroll of noise {unknown}
 x - a scroll of silence {unknown}
Potions
 b - a potion of magic
 d - 2 potions of attraction {unknown}
 e - a potion of curing {unknown}
 m - 2 potions of enlightenment {unknown}
 p - 3 potions of might {unknown}
 q - a potion of mutation {unknown}
 r - 2 potions of heal wounds {unknown}
 z - a potion of lignification {unknown}


   Skills:
 + Level 2.5 Fighting
 + Level 2.5 Short Blades
 + Level 2.5 Long Blades
 + Level 2.5 Axes
 + Level 2.5 Maces & Flails
 + Level 2.5 Polearms
 + Level 2.5 Staves
 + Level 2.5 Ranged Weapons
 + Level 2.5 Throwing
 + Level 2.5 Armour
 + Level 5.2 Dodging
 + Level 4.9 Stealth
 + Level 2.5 Shields
 + Level 2.5 Unarmed Combat
 + Level 5.6 Spellcasting
 + Level 3.0 Conjurations
 + Level 2.0 Hexes
 + Level 2.0 Summonings
 + Level 2.0 Necromancy
 + Level 2.0 Translocations
 + Level 2.0 Fire Magic
 + Level 2.0 Ice Magic
 + Level 2.0 Air Magic
 + Level 2.0 Earth Magic
 + Level 5.8 Alchemy
 + Level 2.8 Invocations
 + Level 2.5 Evocations
 + Level 2.3 Shapeshifting


You had 14 spell levels left.
You knew the following spells:

 Your Spells              Type           Power      Damage    Failure   Level
a - Sting                 Conj/Alch      72%        1d7       8%          1
b - Mercury Vapours       Alch/Air       34%        N/A       14%         2

Your spell library contained the following spells:

 Spells                   Type           Power      Damage    Failure   Level
 Kiss of Death            Conj/Necr      48%        2d9       17%         1
 Mephitic Cloud           Conj/Alch/Air  16%        N/A       30%         3
 Olgreb's Toxic Radiance  Alch           23%        N/A       38%         4
 Confusing Touch          Hex            11%        N/A       52%         3
 Summon Ice Beast         Ice/Summ       11%        N/A       52%         3
 Sticky Flame             Fire/Alch      17%        2d5       67%         4
 Dispel Undead            Necr           11%        3d9       89%         4
 Summon Mana Viper        Hex/Summ       11%        N/A       99%         5
 Monstrous Menagerie      Summ           5%         N/A       100%        7


Dungeon Overview and Level Annotations

Branches:
Dungeon (5/15)
 Temple: D:4-7

Altars:
Hepliaklqana
The Shining One


Innate Abilities, Weirdness & Mutations

You have very sharp teeth.
Your uncanny sense of smell can sniff out nearby items.
Your experience applies equally to all skills.


Message History

The iguana barely misses you.
The iguana bites you but does no damage.
You barely miss the iguana.
The iguana is lightly wounded.
The iguana misses you.
The sting misses the iguana.
A howler monkey comes into view.
The iguana barely misses you.
You miscast Sting.
You are very lightly contaminated with residual magic.
Nothing appears to happen.
The iguana misses you.
The sting hits the iguana.
The iguana is poisoned.
The iguana is moderately wounded.
The iguana bites you!
You are too injured to fight recklessly!
You are too injured to fight recklessly!
You are too injured to fight recklessly!
You are too injured to fight recklessly!
You are too injured to fight recklessly!
You are too injured to fight recklessly!
You hit the iguana but do no damage. Your bite misses the iguana.
The iguana is moderately wounded.
The iguana bites you.
You barely miss the iguana.
The iguana is moderately wounded.
The iguana bites you.
You closely miss the iguana. Your bite misses the iguana.
The iguana is heavily wounded.
The iguana looks more healthy.
The iguana bites you.
* * * LOW HITPOINT WARNING * * *
You barely miss the iguana.
The iguana is heavily wounded.
The iguana bites you!
* * * LOW HITPOINT WARNING * * *
Okay, then.
You hit the iguana.
The iguana is heavily wounded.
The iguana bites you!
You die...
Hepliaklqana delivers you to your ancestors.

#..........
#.........
#........#
##........##
..........
#......
#)).## #
#)).#..###
#@<)......
#l##....##
..h. ...#
....... ..#
..........
...
........###
.# ........#
# .........


You could see a howler monkey and an iguana.

Vanquished Creatures
  Eustachio (D:4)
  A scorpion (D:4)
  A bombardier beetle (D:4)
  2 hounds
  Natasha (D:4)
  2 orc wizards (D:5)
  Robin (D:4)
  9 adders
  A dart slug (D:1)
  16 orcs
  2 ball pythons
  6 endoplasms
  7 giant cockroaches
  15 goblins
  11 hobgoblins
  3 jackals (D:2)
  5 kobolds
  2 quokkas
  A bat (D:3)
  6 frilled lizards
  12 rats
105 creatures vanquished.

Notes
Turn   | Place    | Note
-------+----------+-------------------------------------------
     0 | D:1      | BeKind the Gnoll Alchemist began the quest for the Orb.
     0 | D:1      | Reached XP level 1. HP: 13/13 MP: 6/6
   366 | D:1      | Reached XP level 2. HP: 19/19 MP: 7/7
   939 | D:1      | Reached skill level 5 in Spellcasting
   939 | D:1      | Reached XP level 3. HP: 25/25 MP: 6/9
  1180 | D:1      | Learned a level 2 spell: Mercury Vapours
  1283 | D:2      | Reached skill level 1 in Invocations
  1503 | D:2      | Reached skill level 1 in Fighting
  1503 | D:2      | Reached skill level 1 in Short Blades
  1503 | D:2      | Reached skill level 1 in Long Blades
  1503 | D:2      | Reached skill level 1 in Axes
  1503 | D:2      | Reached skill level 1 in Maces & Flails
  1503 | D:2      | Reached skill level 1 in Polearms
  1503 | D:2      | Reached skill level 1 in Staves
  1503 | D:2      | Reached skill level 1 in Ranged Weapons
  1503 | D:2      | Reached skill level 1 in Throwing
  1503 | D:2      | Reached skill level 1 in Armour
  1503 | D:2      | Reached skill level 1 in Shields
  1503 | D:2      | Reached skill level 1 in Unarmed Combat
  1503 | D:2      | Reached skill level 1 in Evocations
  1789 | D:2      | Reached skill level 1 in Shapeshifting
  1789 | D:2      | Reached XP level 4. HP: 32/32 MP: 7/11
  2203 | D:2      | Reached skill level 1 in Hexes
  2203 | D:2      | Reached skill level 1 in Summonings
  2203 | D:2      | Reached skill level 1 in Necromancy
  2203 | D:2      | Reached skill level 1 in Translocations
  2203 | D:2      | Reached skill level 1 in Fire Magic
  2203 | D:2      | Reached skill level 1 in Ice Magic
  2203 | D:2      | Reached skill level 1 in Air Magic
  2203 | D:2      | Reached skill level 1 in Earth Magic
  2432 | D:2      | Reached XP level 5. HP: 12/37 MP: 1/12
  2969 | D:3      | Found a hazy altar of Hepliaklqana.
  3080 | D:3      | Became a worshipper of Hepliaklqana the Forgotten
  3157 | D:4      | Noticed Eustachio
  3164 | D:4      | Found a glowing golden altar of the Shining One.
  3182 | D:4      | Killed Eustachio
  3183 | D:4      | Reached skill level 5 in Dodging
  3183 | D:4      | Reached XP level 6. HP: 6/44 MP: 8/14
  3419 | D:4      | Noticed Robin
  3793 | D:4      | Killed Robin
  3909 | D:4      | Reached XP level 7. HP: 50/50 MP: 9/15
  4110 | D:4      | Noticed Natasha
  4123 | D:4      | Killed Natasha
  4124 | D:5      | Entered Level 5 of the Dungeon
  4163 | D:5      | Slain by an iguana

Illustrated notes

Levels and vault maps discovered:
D:1:      psy_arrival_whirlpool, layout_basic, minmay_tetromino_s2
D:2:      layout_loops_ring, minmay_door_square, moated_statue,
          nicolae_concentric_dashed_squares_mild
D:3:      layout_rooms, nicolae_hepliaklqana_hippocampus,
          mrwooster_statue_mirror, kennysheep_flooded_box,
          minmay_fractal_squares_5
D:4:      layout_cave_pods, mainiacjoe_overflow_cross_hatched,
          kennysheep_generic_room_11, uniq_natasha, uniq_menkaure, uniq_robin,
          uniq_eustachio
D:5:      layout_cave_pools, nrook_campfire, grunt_decor_junction

Skill      XL: |  1  2  3  4  5  6  7 |
---------------+----------------------+-----
Conjurations   | 2 3 |  3.0
Spellcasting   | 5 |  5.6
Invocations    | 1 2 |  2.8
Fighting       | 1 2 |  2.5
Short Blades   | 1 2 |  2.5
Long Blades    | 1 2 |  2.5
Axes           | 1 2 |  2.5
Maces & Flails | 1 2 |  2.5
Polearms       | 1 2 |  2.5
Staves         | 1 2 |  2.5
Ranged Weapons | 1 2 |  2.5
Throwing       | 1 2 |  2.5
Armour         | 1 2 |  2.5
Shields        | 1 2 |  2.5
Unarmed Combat | 1 2 |  2.5
Evocations     | 1 2 |  2.5
Shapeshifting  | 1 2 |  2.3
Hexes          | 1 2 |  2.0
Summonings     | 1 2 |  2.0
Necromancy     | 1 2 |  2.0
Translocations | 1 2 |  2.0
Fire Magic     | 1 2 |  2.0
Ice Magic      | 1 2 |  2.0
Air Magic      | 1 2 |  2.0
Earth Magic    | 1 2 |  2.0
Dodging        | 5 |  5.2
Stealth        | |  4.9
Alchemy        | |  5.8

Action                     |  1- 3 |  4- 6 |  7- 9 || total
---------------------------+-------+-------+-------++-------
  Melee: Rapier            |    18 |    53 |    32 ||   103
         Bite              |       |     4 |     1 ||     5
   Cast: Sting             |    63 |    73 |    14 ||   150
         Mercury Vapours   |       |     8 |       ||     8
   Stab: Sleeping          |     2 |       |       ||     2
 Armour: Robe              |    12 |    25 |       ||    37
         Ring mail         |       |    94 |    30 ||   124
  Dodge: Dodged            |    19 |   111 |    28 ||   158
  Block: Other             |     7 |    45 |     9 ||    61

Table legend: (Time is in decaauts)
 A = Elapsed time spent in this place.
 B = Non-inter-level travel time spent in this place.
 C = Inter-level travel time spent in this place.
 D = Time resting spent in this place.
 E = Time spent auto-exploring this place.
 F = Levels seen in this place.
 G = Mean time per level.
                   A        B        C        D        E       F      G
               +--------+--------+--------+--------+--------+-----+--------+
         Total |   4180 |   3897 |    283 |    394 |   2879 |   5 |  836.0 |
       Dungeon |   4180 |   3897 |    283 |    394 |   2879 |   5 |  836.0 |
               +--------+--------+--------+--------+--------+-----+--------+

Top non-repeatable levels by time:
     D:1: 1283 daAuts
     D:2: 1161 daAuts
     D:3: 1016 daAuts
     D:4: 678 daAuts
     D:5: 41 daAuts
